 Dungeon Crawl Stone Soup version 0.30-a0-782-ge64f9170bb (webtiles) character file.

Game seed: 4390764457482435399

37 Anon1729 the Trooper (level 3, 0/33 HPs)
             Began as a Minotaur Monk on Feb 22, 2023.
             Slain by an iron imp (8 damage)
             ... summoned by Natasha
             ... on level 2 of the Dungeon.
             The game lasted 00:00:52 (1171 turns).

Anon1729 the Trooper (Minotaur Monk)                Turns: 1171, Time: 00:00:53

Health: 0/33       AC:  2    Str: 17    XL:     3   Next: 21%
Magic:  2/2        EV: 13    Int:  7    God:
Gold:   19         SH:  0    Dex: 12    Spells: 2/2 levels left

rFire   . . .      SeeInvis .    a - +0 hand axe
rCold   . . .      Faith    .    (no shield)
rNeg    . . .      Spirit   .    b - +0 robe
rPois   .          Reflect  .    (helmet restricted)
rElec   .          Harm     .    (no cloak)
rCorr   .          Rampage  .    (no gloves)
Will    .....                    (no boots)
Stlth   ++                       (no amulet)
HPRegen 0.25/turn                (no ring)
MPRegen 0.08/turn                (no ring)

@: slowed, very slow
A: horns 2, retaliatory headbutt
a: no special abilities


You were on level 2 of the Dungeon.
You visited 1 branch of the dungeon, and saw 2 of its levels.

You collected 19 gold pieces.

Inventory:

Hand Weapons
 a - a +0 hand axe (weapon)
Armour
 b - a +0 robe (worn)
Scrolls
 d - a scroll of identify {unknown}
 f - a scroll of blinking {unknown}
 i - a scroll of enchant armour {unknown}
 j - a scroll of fog {unknown}
Potions
 c - a potion of ambrosia
 e - a potion of haste {unknown}
 g - a potion of might {unknown}
 h - 2 potions of attraction {unknown}


   Skills:
 + Level 4.1 Fighting
 + Level 4.1 Axes
 + Level 1.4 Armour
 + Level 3.7 Dodging
 - Level 1.5 Stealth


You had 2 spell levels left.
You didn't know any spells.
Your spell library contained the following spells:

 Spells                   Type           Power      Damage    Failure   Level
 Summon Small Mammal      Summ           0%         N/A       43%         1
 Call Canine Familiar     Summ           0%         N/A       80%         3
 Summon Guardian Golem    Hex/Summ       0%         N/A       80%         3


Dungeon Overview and Level Annotations

Branches:
Dungeon (2/15)

Altars:

Annotations:
D:2 Natasha


Innate Abilities, Weirdness & Mutations

You have a pair of horns on your head.
You reflexively headbutt those who attack you in melee.


Message History

The frilled lizard closely misses you. You furiously retaliate!
You headbutt the frilled lizard.
You kill the frilled lizard!
You see here a ball python corpse.
Natasha mumbles some strange words.
You hit the iron imp but do no damage. You closely miss Natasha.
Natasha closely misses you.
You hit the iron imp but do no damage. You hit Natasha. The iron imp hits you!
Natasha claws you!
You hit Natasha.
Natasha is heavily wounded.
You hit the iron imp but do no damage. The iron imp hits you.
Natasha casts a spell at you. The magic dart hits you!
* * * LOW HITPOINT WARNING * * *
You are too injured to fight recklessly!
You are too injured to fight recklessly!
You are too injured to fight recklessly!
You are too injured to fight recklessly!
You are too injured to fight recklessly!
You are too injured to fight recklessly!
There are monsters nearby!
You see here a ball python corpse.
You hit Natasha.
Natasha is severely wounded.
Natasha stares at you and mumbles some strange words.
You feel yourself slow down.
You hit Natasha.
Natasha is almost dead.
You hit the iron imp.
Natasha mumbles some strange words.
Natasha shimmers violently.
Natasha misses you. The iron imp barely misses you. You furiously retaliate!
You headbutt the iron imp.
Natasha growls.
Natasha mumbles some strange words.
You barely miss Natasha.
Natasha is almost dead.
You hit the iron imp but do no damage. The iron imp hits you!
You die...

..... #.###
.##..# #.#
.#..# #.# .
...# #.# ..
#..# #.#
#...##.5# #.#
##....5###.#
#... #h5.#.#
.#....#@..#.#
$.......#.#.#
..#...#.#...#
##.##.#.###
... ..#.# ...
....# ###
######


You could see an iron imp (summoned), Natasha, a white imp (summoned) and a
shadow imp (summoned).

Vanquished Creatures
  3 worms (D:2)
  6 ball pythons
  An endoplasm (D:1)
  3 goblins
  3 hobgoblins
  2 quokkas
  2 bats
  2 frilled lizards
  4 kobolds
  2 rats (D:1)
28 creatures vanquished.

Vanquished Creatures (others)
  A kraken (D:1)
  A ghoul (D:1)
  An octopode (D:1)
  2 gargoyles (D:1)
  A vine stalker (D:1)
  A human (D:1)
  A naga (D:1)
  An ogre (D:1)
  A tengu (D:1)
  A felid (D:1)
  A gnoll (D:1)
  An orc (D:1)
  15 plants (D:2)
  12 tentacles (D:1)
40 creatures vanquished.

Grand Total: 68 creatures vanquished

Notes
Turn   | Place    | Note
-------+----------+-------------------------------------------
     0 | D:1      | Anon1729 the Minotaur Monk began the quest for the Orb.
     0 | D:1      | Reached XP level 1. HP: 19/19 MP: 0/0
     2 | D:1      | Noticed a ghoul
     2 | D:1      | Noticed a vine stalker
     2 | D:1      | Noticed a troll
     2 | D:1      | Noticed an octopode
     2 | D:1      | Noticed a felid
     2 | D:1      | Noticed a kraken
     2 | D:1      | Noticed a demonspawn
     2 | D:1      | Noticed a gargoyle
     2 | D:1      | Noticed a human
     2 | D:1      | Noticed an ogre
     2 | D:1      | Noticed a gargoyle
     2 | D:1      | Noticed a naga
     2 | D:1      | Noticed a tengu
     2 | D:1      | Noticed a ghoul
     8 | D:1      | Killed a vine stalker
    11 | D:1      | Killed a ghoul
    11 | D:1      | Killed a felid
    13 | D:1      | Killed a tengu
    15 | D:1      | Killed an octopode
    18 | D:1      | Killed a gargoyle
    22 | D:1      | Killed an ogre
    23 | D:1      | Killed a gargoyle
    28 | D:1      | Killed a human
    29 | D:1      | Killed a naga
    30 | D:1      | Killed a kraken
   171 | D:1      | Reached XP level 2. HP: 27/27 MP: 1/1
   349 | D:1      | Reached skill level 1 in Armour
  1000 | D:2      | Reached XP level 3. HP: 33/33 MP: 2/2
  1159 | D:2      | Noticed Natasha
  1171 | D:2      | Slain by an iron imp

Illustrated notes

Levels and vault maps discovered:
D:1:      nicolae_arrival_kraken_aquarium_b, layout_basic
D:2:      layout_loops_ring, basic_altar, serial_bayou, serial_bayou_lagoon_b,
          serial_bayou_pond_c, serial_bayou_crossing, serial_bayou_pond_b,
          serial_bayou_pond_e, hangedman_decor_clover_reticule, minmay_cupped,
          uniq_natasha

Skill      XL: |  1  2 |
---------------+-------+-----
Armour         | 1 |  1.4
Axes           | 4 |  4.1
Fighting       | 4 |  4.1
Dodging        | |  3.7
Stealth        | |  1.5

Action                     || total
---------------------------++-------
  Melee: Hand axe          ||    60
         Headbutt          ||    12
   Stab: Sleeping          ||     3
 Armour: Robe              ||     7
  Dodge: Dodged            ||    38

Table legend: (Time is in decaauts)
 A = Elapsed time spent in this place.
 B = Non-inter-level travel time spent in this place.
 C = Inter-level travel time spent in this place.
 D = Time resting spent in this place.
 E = Time spent auto-exploring this place.
 F = Levels seen in this place.
 G = Mean time per level.
                   A        B        C        D        E       F      G
               +--------+--------+--------+--------+--------+-----+--------+
         Total |   1182 |   1130 |     52 |     50 |    899 |   2 |  591.0 |
       Dungeon |   1182 |   1130 |     52 |     50 |    899 |   2 |  591.0 |
               +--------+--------+--------+--------+--------+-----+--------+

Top non-repeatable levels by time:
     D:1: 972 daAuts
     D:2: 209 daAuts
